 Dungeon Crawl Stone Soup version 0.22-a0-271-gc000056 (webtiles) character file.

5596 braks the Slinger (level 11, -6/75 HPs)
             Began as a Halfling Hunter on Mar 11, 2018.
             Was an Elder of the Shining One.
             Mangled by a large abomination (33 damage)
             ... on level 2 of the Abyss.
             The game lasted 00:38:31 (10630 turns).

braks the Slinger (Halfling Hunter)                Turns: 10630, Time: 00:38:32

Health: -6/75      AC:  9    Str: 15      XL:     11   Next: 3%
Magic:  13/13      EV: 14    Int:  9      God:    the Shining One [****..]
Gold:   406        SH: 10    Dex: 17 (19) Spells: 10/10 levels left

rFire    . . .     SeeInvis .   a - +1 hunting sling
rCold    . . .     Gourm    .   A - +0 shield
rNeg     + + .     Faith    .   u - +1 scale mail
rPois    .         Spirit   .   (no helmet)
rElec    .         Reflect  .   (no cloak)
rCorr    .         Harm     .   m - +0 pair of gloves (curse)
MR       .....     Rnd*Tele +   (no boots)
Stlth    +.........             (no amulet)
HPRegen  0.22/turn              (no ring)
MPRegen  0.13/turn              (no ring)

@: glowing
A: small, agile 1, [deterioration 2], [low mp 2], mutation resistance 1,
[teleportitis 2]
a: Divine Shield, Cleansing Flame, Renounce Religion


You were on level 2 of the Abyss.
You worshipped the Shining One.
The Shining One was greatly pleased with you.
You were not hungry.

You visited 2 branches of the dungeon, and saw 9 of its levels.
You visited the Abyss 1 time.
You also visited: Ossuary.

You collected 406 gold pieces.

Inventory:

Hand Weapons
 a - a +1 hunting sling (weapon)
 b - a +3 dagger of venom
 c - a +2 morningstar
Missiles
 d - 25 sling bullets (quivered)
 o - 197 stones
 v - 4 tomahawks
Armour
 m - a cursed +0 pair of gloves (worn)
 u - a +1 scale mail (worn)
 A - a +0 shield (worn)
Jewellery
 h - an uncursed ring of fire
Wands
 i - a wand of paralysis (14)
 k - a wand of digging (8)
Scrolls
 e - a scroll of blinking
 g - a scroll of remove curse
 j - 2 scrolls of identify
 p - a scroll of amnesia
 r - a scroll of magic mapping
 s - a scroll of fog
Potions
 l - 2 potions of brilliance
 n - a potion of flight {unknown}
 w - a potion of curing
 B - a potion of resistance {unknown}
 D - 2 potions of mutation
Comestibles
 f - 8 rations


   Skills:
 - Level 7.3 Fighting
 - Level 10.7 Slings
 - Level 4.7 Armour
 - Level 7.1 Dodging
 + Level 5.9 Stealth
 - Level 4.7 Shields
 + Level 7.0 Invocations


You had 10 spell levels left.
You didn't know any spells.

Dungeon Overview and Level Annotations

Branches:
Dungeon (8/15)             Temple (1/1) D:4
   Lair: D:8-11

Altars:
Ashenzari
Cheibriados
Dithmenos
Elyvilon
Fedhas
Gozag
Hepliaklqana
Kikubaaqudgha
Makhleb
Nemelex Xobeh
Okawaru
Qazlal
Ru
Sif Muna
Trog
Vehumet
Wu Jian
Xom
Yredelemnul
Zin
The Shining One

Shops:
D:5 (   D:6 (

Annotations:
D:7 exclusion: downstairs


Innate Abilities, Weirdness & Mutations

You are small and have problems with some larger weapons.
You are somewhat resistant to further mutation.
You are agile. (Dex +2)
[Your body often deteriorates upon taking damage.]
[Your magical capacity is very low. (-20% MP)]
[You are sometimes teleported next to monsters.]


Message History

You feel better.
Firing (i - inventory. (/) - cycle)
d - 20 sling bullets (quivered)
Press: ? - help, Shift-Dir - straight line, f - you Really target yourself?
Okay, then.
Unknown command.
d - 25 sling bullets (gained 5)
You start resting.
You feel your health improve.
You start resting.
Magic restored.
You start resting.
A small abomination comes into view.
A small abomination is nearby!
You enter the shallow water.
Moving in this stuff is going to be slow.
A tentacled starspawn comes into view.
A large abomination comes into view.
The large abomination hits you!!
You die...

≈≈≈≈≈≈ ≈ ≈≈≈≈..##
≈♣≈≈≈≈≈≈≈≈≈≈≈....
.≈≈≈≈≈♣≈≈≈≈≈≈♣#.
# #.≈≈≈≈≈≈≈≈≈≈≈.#
..##.(.≈♣≈≈≈≈≈≈#
#.....#≈≈≈≈≈≈≈#
##....##≈≈≈ ≈.#
##...#.###≈≈≈##
###.@## ...#
##.X..# #.. .
.#..#..#. . # #.
#... ... .# .###
.# .. . .# # ##


You could see a large abomination.

Vanquished Creatures
  A rakshasa (Abyss:2)
  The ghost of Nib the Protected, a novice MiFi of Okawaru (D:7)
  Pikel (D:7)
  An ancient zyme (Abyss:2)
  The ghost of tidbits the Insei, an amateur GnTm (D:5)
  A hippogriff (D:7)
  2 hungry ghosts
  A phantom (D:4)
  A black bear (D:7)
  2 orc warriors (D:7)
  A slave (D:7)
  A sky beast (D:8)
  2 ogres
  An eye of draining (Abyss:2)
  A centaur (D:5)
  2 bullfrogs
  4 scorpions
  8 wights
  5 howler monkeys
  2 crimson imps
  2 quasits
  A starcursed mass (Abyss:2)
  2 bullfrog skeletons
  5 orc priests
  4 hounds
  3 jellies
  12 orc wizards
  An iguana (D:6)
  6 worker ants
  2 hound zombies (D:8)
  3 mummies (Ossuary)
  A howler monkey zombie (D:5)
  2 worker ant zombies (D:7)
  9 adders
  A shadow imp (D:6)
  3 adder zombies (Ossuary)
  An adder skeleton (D:4)
  3 worms
  2 dart slugs
  5 leopard geckos
  22 orcs
  6 giant cockroaches
  4 goblins
  7 hobgoblins
  3 jackals (D:1)
  7 kobolds
  4 quokkas
  A ball python (D:5)
  5 bats
  4 frilled lizards
  A gnoll zombie (Ossuary)
  2 goblin zombies (Ossuary)
  3 hobgoblin zombies (Ossuary)
  A jackal skeleton (D:4)
  2 kobold zombies (Ossuary)
  An orc zombie (Ossuary)
  3 quokka zombies (Ossuary)
  4 rats
  3 rat zombies (Ossuary)
190 creatures vanquished.

Vanquished Creatures (others)
  3 slaves (D:7)
  An orc priest (D:7)
  An iguana (D:7)
  A worker ant (D:7)
  A lurking horror (Abyss:2)
  2 starspawn tentacles (Abyss:2)
9 creatures vanquished.

Grand Total: 199 creatures vanquished

Notes
Turn   | Place    | Note
-------+----------+-------------------------------------------
     0 | D:1      | braks the Halfling Hunter began the quest for the Orb.
     0 | D:1      | Reached XP level 1. HP: 14/14 MP: 1/1
   432 | D:1      | Reached XP level 2. HP: 20/20 MP: 2/2
  1595 | D:2      | Found a blossoming altar of Fedhas.
  1677 | D:2      | Reached XP level 3. HP: 25/25 MP: 3/3
  1881 | D:1      | Reached XP level 4. HP: 22/33 MP: 4/4
  2846 | D:3      | Reached skill level 6 in Slings
  2889 | D:3      | Reached XP level 5. HP: 32/37 MP: 5/5
  3805 | D:4      | Found a shimmering altar of Xom.
  3807 | D:4      | Found a shimmering altar of Xom.
  3808 | D:4      | Found a shimmering altar of Xom.
  3913 | D:4      | Noticed a phantom
  3942 | D:4      | Killed a phantom
  3942 | D:4      | Reached skill level 7 in Slings
  3942 | D:4      | Reached XP level 6. HP: 28/43 MP: 6/6
  4019 | D:4      | Found an iron altar of Okawaru.
  4399 | D:4      | Reached skill level 8 in Slings
  4399 | D:4      | Reached XP level 7. HP: 36/48 MP: 7/7
  4740 | D:4      | Reached skill level 5 in Dodging
  5324 | D:4      | Found a staircase to the Ecumenical Temple.
  5330 | Temple   | Entered the Ecumenical Temple
  5454 | Temple   | Became a worshipper of the Shining One
  5602 | D:5      | Entered Level 5 of the Dungeon
  5603 | D:5      | Found an ornate altar of the Wu Jian Council.
  5732 | D:5      | Found Fokoagaok's Antique Weapon Shop.
  5891 | D:5      | Found a sand-covered staircase.
  5898 | Ossuary  | Entered an ossuary
  5924 | Ossuary  | Reached skill level 1 in Invocations
  5954 | Ossuary  | Reached * piety under the Shining One
  6045 | Ossuary  | Reached ** piety under the Shining One
  6159 | D:5      | Reached skill level 1 in Shields
  6172 | D:5      | Reached skill level 1 in Armour
  6172 | D:5      | Reached XP level 8. HP: 47/54 MP: 9/9
  6438 | D:5      | Noticed tidbits's ghost (amateur GnTm)
  6467 | D:5      | Killed tidbits's ghost
  6467 | D:5      | Reached skill level 9 in Slings
  7064 | D:6      | Reached skill level 5 in Fighting
  7065 | D:6      | Found Xied's Weapon Boutique.
  7515 | D:7      | Reached XP level 9. HP: 61/61 MP: 11/11
  7836 | D:7      | Noticed a hippogriff
  7852 | D:7      | Killed a hippogriff
  7870 | D:7      | Noticed Pikel
  7892 | D:7      | Killed Pikel
  7892 | D:7      | Reached skill level 5 in Invocations
  8323 | D:7      | Found a hazy altar of Hepliaklqana.
  8352 | D:7      | Reached *** piety under the Shining One
  8387 | D:7      | Reached skill level 10 in Slings
  8755 | D:7      | Noticed Nib's ghost (novice MiFi)
  8852 | D:7      | Killed Nib's ghost
  8852 | D:7      | Reached XP level 10. HP: 28/69 MP: 14/14
  9650 | D:8      | Reached **** piety under the Shining One
  9955 | D:8      | Cast into level 2 of the Abyss (orc warrior)
  9990 | Abyss:2  | Noticed a rakshasa
 10038 | Abyss:2  | Killed a rakshasa
 10119 | Abyss:2  | Noticed a starcursed mass
 10144 | Abyss:2  | Noticed an angel
 10144 | Abyss:2  | Noticed a starcursed mass
 10235 | Abyss:2  | Noticed a vampire mage
 10357 | Abyss:2  | Noticed a starcursed mass
 10379 | Abyss:2  | Noticed a wretched star
 10387 | Abyss:2  | Noticed a wretched star
 10390 | Abyss:2  | Noticed a large abomination
 10428 | Abyss:2  | Noticed a starcursed mass
 10438 | Abyss:2  | Noticed an orange demon
 10453 | Abyss:2  | Gained mutation: You are agile. (Dex +2) [potion of mutation]
 10507 | Abyss:2  | Reached skill level 5 in Stealth
 10507 | Abyss:2  | Reached XP level 11. HP: 22/75 MP: 1/13
 10627 | Abyss:2  | Noticed a tentacled starspawn
 10630 | Abyss:2  | Noticed a large abomination
 10630 | Abyss:2  | Mangled by a large abomination

Vault maps used:
D:1:      shiori_arrival_elements
D:2:      fedhas_altar_1, first_ration
D:3:      wad_pebble_path, minivault_24
D:4:      lemuel_crystal_altar, minmay_temple_entry_enclosed_plants,
          grunt_ministairs_15, xom_redecorated
D:5:      lemuel_crystal_altar, serial_shops, nicolae_shop_waterfront,
          enter_ossuary_5
D:6:      serial_shops, shop, wad_floor_pattern_1
D:7:      lemuel_doored_altar, minivault_4, uniq_pikel
Temple:   nicolae_temple_elliptical
Abyss:2:  minivault_25_ag
Ossuary:  ossuary_minmay_chase

Skill      XL: |  1  2  3  4  5  6  7  8  9 10 |
---------------+-------------------------------+-----
Fighting       | 2 3 4 5 6 7 |  7.3
Slings         | 6 7 8 9 10 | 10.7
Dodging        | 3 4 5 6 7 |  7.1
Invocations    | 1 3 6 7 |  7.0
Shields        | 1 2 4 |  4.7
Armour         | 1 2 4 |  4.7
Stealth        | 5 |  5.9

Action                   |  1- 3 |  4- 6 |  7- 9 | 10-12 || total
-------------------------+-------+-------+-------+-------++-------
Melee: Short sword       |    85 |    46 |       |       ||   131
       Dagger            |       |    68 |   350 |   124 ||   542
 Fire: Hunting sling     |    14 |    54 |   114 |   131 ||   313
Throw: Stone             |     3 |       |       |       ||     3
Invok: Divine Shield     |       |       |     1 |     2 ||     3
       Cleansing Flame   |       |       |       |     4 ||     4
Evoke: Wand              |       |       |     8 |     3 ||    11
  Use: Scroll            |       |       |    21 |     7 ||    28
       Potion            |       |       |     6 |     7 ||    13
  Eat: Chunk             |     3 |     4 |    13 |     1 ||    21
       Ration            |       |     1 |     1 |     3 ||     5
Armor: Leather armour    |     8 |       |       |       ||     8
       Ring mail         |    35 |    26 |       |       ||    61
       Scale mail        |       |     5 |    82 |    52 ||   139
Dodge: Dodged            |    84 |    91 |   141 |   104 ||   420
Block: Shield            |       |     2 |   155 |   121 ||   278

Table legend:
 A = Spawn XP
 B = Non-spawn XP
 C = Spawn XP percentage of total XP
 D = Spawn monster count
 E = Non-spawn monster count
 F = Spawn count percentage of total count
 G = Total turns spent on level
                    A         B        C        D         E        F      G
               +---------+---------+-------+---------+---------+-------+---------
         Total |    1483 |    6512 |  18.5 |       4 |     185 |   2.1 | 10630
               +---------+---------+-------+---------+---------+-------+---------
           D:1 |       0 |      51 |   0.0 |       0 |      15 |   0.0 |  1827
           D:2 |       0 |      60 |   0.0 |       0 |      22 |   0.0 |   908
           D:3 |       0 |      47 |   0.0 |       0 |      13 |   0.0 |  1055
           D:4 |       0 |     613 |   0.0 |       0 |      23 |   0.0 |  1753
           D:5 |       0 |     606 |   0.0 |       0 |      11 |   0.0 |   832
           D:6 |       0 |     223 |   0.0 |       0 |       7 |   0.0 |   695
           D:7 |       0 |    3439 |   0.0 |       0 |      42 |   0.0 |  2071
           D:8 |       0 |    1343 |   0.0 |       0 |      30 |   0.0 |   447
       Abyss:2 |    1483 |      44 |  97.1 |       4 |       1 |  80.0 |   675
       Ossuary |       0 |      86 |   0.0 |       0 |      21 |   0.0 |   221
               +---------+---------+-------+---------+---------+-------+---------
